 Dungeon Crawl Stone Soup version 0.19-a0-1821-g42c593c (webtiles) character file.

643 TheGoonsmith the Conjurer (level 7, -4/50 HPs)
             Began as a Purple Draconian Conjurer on Oct 6, 2016.
             Was a Follower of Ru.
             Killed from afar by an orc wizard (5 damage)
             ... with a magic dart
             ... on level 5 of the Dungeon.
             The game lasted 00:08:14 (4494 turns).

TheGoonsmith the Conjurer (DrCj)                    Turns: 4494, Time: 00:08:15

Health: -4/50      AC:  4    Str: 10    XL:     7   Next: 26%
Magic:  0/14       EV: 12    Int: 18    God:    Ru [*.....]
Gold:   207        SH:  4    Dex: 11    Spells: 4 memorised, 4 levels left

rFire  . . .     SeeInvis .     x - +1 short sword (drain)
rCold  . . .     Gourm    .     (armour unavailable)
rNeg   . . .     Faith    .     (no shield)
rPois  .         Spirit   .     y - +1 hat
rElec  .         Dismiss  .     (no cloak)
rCorr  .         Reflect  +     (no gloves)
MR     +....     Harm     .     (no boots)
Stlth  ++........               t - +4 amulet of reflection
                                (no ring)
                                (no ring)

@: slowed, very slow
A: breathe power, unfitting armour, cold-blooded, reduced AC 1, AC +6
a: Breathe Dispelling Energy, Renounce Religion


You were on level 5 of the Dungeon.
You worshipped Ru.
Ru was aware of your devotion.
You were not hungry.

You visited 1 branch of the dungeon, and saw 5 of its levels.
You also visited: Sewer.

You collected 207 gold pieces.

Inventory:

Hand Weapons
 g - a +0 club
 q - a +0 flail
 w - a +2 dagger of venom
 x - a +1 short sword of draining (weapon)
Armour
 y - a +1 hat (worn)
Jewellery
 n - an uncursed amulet of magic regeneration
 p - an uncursed amulet of regeneration
 t - a +4 amulet of reflection (around neck)
Scrolls
 h - 5 scrolls of teleportation
 i - 2 scrolls of remove curse
 j - a scroll of magic mapping
 k - 3 scrolls of recharging
 r - a scroll of identify
Potions
 c - a potion of agility
 d - 2 potions of invisibility
 e - 2 potions of magic
 f - a potion of brilliance {unknown}
 l - a potion of might {unknown}
 m - 2 potions of heal wounds {unknown}
 u - a potion of mutation {unknown}
 v - 2 potions of lignification {unknown}
 z - a potion of degeneration {unknown}
 A - 2 potions of curing {unknown}
 B - 2 potions of flight {unknown}
Books
 a - a book of Conjurations

   Spells                             Type                      Level
   a - Magic Dart                     Conjuration                  1
   b - Searing Ray                    Conjuration                  2
   c - Dazzling Spray                 Conjuration/Hexes            3
   d - Fulminant Prism                Conjuration/Hexes            4
   e - Iskenderun's Mystic Blast      Conjuration                  4
   f - Iskenderun's Battlesphere      Conjuration/Charms           5
Comestibles
 b - 2 bread rations
 o - a slice of pizza
 s - 2 fruits


   Skills:
 - Level 1.7 Dodging
 - Level 1.7 Stealth
 + Level 5.2 Spellcasting
 * Level 7.1 Conjurations
 + Level 2.1 Hexes
 + Level 1.9 Charms


You had 4 spell levels left.
You knew the following spells:

 Your Spells              Type           Power        Failure   Level  Hunger
a - Magic Dart            Conj           ####         1%          1    None
b - Searing Ray           Conj           ####..       1%          2    #......
c - Fulminant Prism       Conj/Hex       ###.......   24%         4    ####...
z - Iskenderun's Battles  Conj/Chrm      ###.....     67%         5    ######.


Dungeon Overview and Level Annotations

Branches:
Dungeon (5/15)
 Temple: D:4-7

Altars:
Gozag
Hepliaklqana
Nemelex Xobeh
Ru
Sif Muna
Xom


Innate Abilities, Weirdness & Mutations

You can breathe bolts of dispelling energy.
Your rich purple scales are hard. (AC +6)
You cannot fit into any form of body armour.
You are cold-blooded and may be slowed by cold attacks.
You take slightly more damage. (AC -3)


Message History

The orc wizard is severely wounded.
The orc wizard hits you but does no damage.
The orc wizard begins to cast a spell, but is stunned by your will!
The orc wizard gestures wildly while chanting.
The orc wizard blinks!
The orc wizard begins to cast a spell, but is stunned by your will!
Unknown command.
Casting: Magic Dart
Confirm with . or Enter, or press ? or * to list all spells.
Aiming: Magic Dart
Press: ? - help, Shift-Dir - straight line, f/p - orc wizard
Aim: an orc wizard, wielding a dagger and wearing a robe (severely wounded)
The magic dart hits the orc wizard.
The orc wizard is almost dead.
The orc wizard gestures at you while chanting.
The magic dart hits you!
* * * LOW HITPOINT WARNING * * *
The orc wizard points at you and mumbles some strange words.
The magic dart hits you!
You die...

,,* ,,* *,* #########
,,* ##.....#.. ,,*
##......... ,,*
#.......... ,,*
######.........† ,,***
########...............
,,,,***
#...o.@.o####......>..<
,,,...#####.########
#..........
,,o#..o.....#
#######..........
,*.###.###(.#
#................
,,..((..§(.(#*
#.#######.....#..
,*...###)....#*##.#
######### ,,,,**
####...##..# *,,,*
##....<.## #######
*****
#..###..######....^#


You could see 2 orc wizards.

Vanquished Creatures
  An ogre (D:4)
  A centaur (D:5)
  A centaur skeleton (D:4)
  2 hounds (D:4)
  2 orc priests (D:3)
  2 orc wizards
  An iguana (D:5)
  2 worker ants (D:4)
  10 adders
  An ooze (D:3)
  A worm (D:2)
  A leopard gecko (D:3)
  16 orcs
  8 giant cockroaches
  4 goblins
  5 hobgoblins
  6 jackals (Sewer)
  4 quokkas
  5 ball pythons
  7 bats
  3 frilled lizards
  A jackal skeleton (D:5)
  13 kobolds
  9 rats
  A plant (Sewer)
107 creatures vanquished.

Notes
Turn   | Place    | Note
-------+----------+-------------------------------------------
     0 | D:1      | TheGoonsmith the Draconian Conjurer began the quest for the Orb.
     0 | D:1      | Reached XP level 1. HP: 14/14 MP: 3/3
     0 | D:1      | Noticed a formicid
     0 | D:1      | Noticed a vampire
     3 | D:1      | Noticed an elf
     3 | D:1      | Noticed an ogre
     5 | D:1      | Noticed a dwarf
     7 | D:1      | Noticed a ghoul
    10 | D:1      | Noticed a centaur
    10 | D:1      | Noticed a naga
    13 | D:1      | Noticed a naga
    14 | D:1      | Noticed a centaur
    14 | D:1      | Noticed a gargoyle
    16 | D:1      | Noticed a ghoul
    18 | D:1      | Noticed a vampire
   584 | D:1      | Reached XP level 2. HP: 3/20 MP: 0/5
   900 | D:1      | Learned a level 2 spell: Searing Ray
  1475 | D:2      | Found a faded altar of an unknown god.
  1533 | D:2      | Reached XP level 3. HP: 26/26 MP: 0/6
  1864 | D:2      | Found a sacrificial altar of Ru.
  2018 | D:2      | Became a worshipper of Ru the Awakened
  2082 | D:3      | Reached skill level 5 in Conjurations
  2211 | D:3      | Found a glowing drain.
  2251 | D:3      | Reached XP level 4. HP: 29/33 MP: 2/8
  2263 | Sewer    | Entered a sewer
  3023 | D:3      | Reached XP level 5. HP: 38/38 MP: 4/9
  3121 | D:3      | Reached skill level 6 in Conjurations
  3349 | D:3      | Found a deep blue altar of Sif Muna.
  3349 | D:3      | Found a hazy altar of Hepliaklqana.
  3350 | D:3      | Found an opulent altar of Gozag.
  3615 | D:3      | Gained mutation: You take slightly more damage. (AC -3) [Ru sacrifice]
  3615 | D:3      | Reached * piety under Ru
  3982 | D:4      | Reached XP level 6. HP: 45/45 MP: 6/11
  3988 | D:4      | Learned a level 4 spell: Fulminant Prism
  3994 | D:4      | Learned a level 5 spell: Iskenderun's Battlesphere
  4083 | D:4      | Reached skill level 1 in Hexes
  4083 | D:4      | Reached skill level 1 in Charms
  4179 | D:4      | Your scales start taking on a rich purple colour.
  4179 | D:4      | Reached skill level 5 in Spellcasting
  4179 | D:4      | Reached XP level 7. HP: 48/50 MP: 9/14
  4278 | D:4      | Found a sparkling altar of Nemelex Xobeh.
  4379 | D:4      | Reached skill level 7 in Conjurations
  4389 | D:5      | Entered Level 5 of the Dungeon
  4419 | D:5      | Found a shimmering altar of Xom.
  4494 | D:5      | HP: 1/50 [orc wizard/magic dart (5)]
  4494 | D:5      | Killed from afar by an orc wizard

Vault maps used:
D:1:      shiori_arrival_whats_in_store_for_you
D:2:      overflow_temple_1_default, ecumenical_altar_2
D:3:      gammafunk_temple_overflow_claw, gup_sewer_entry_glass
D:4:      kennysheep_mini_moat
D:5:      nicolae_tso_carved_into_rock, overflow_temple_1_default, first_bread,
          minmay_misc_feat_five, nicolae_ashenzari_panopticon
Sewer:    sewer_co_scattered_pipes

Skill      XL: |  1  2  3  4  5  6  7 |
---------------+----------------------+-----
Conjurations   | 5 6 7 |  7.1
Spellcasting   | 3 5 |  5.2
Hexes          | 1 2 |  2.1
Charms         | 1 |  1.9
Dodging        | |  1.7
Stealth        | |  1.7

Action                   |  1- 3 |  4- 6 |  7- 9 || total
-------------------------+-------+-------+-------++-------
Melee: Club              |    38 |       |       ||    38
       Tailslap          |     8 |     4 |     1 ||    13
       Unarmed           |     4 |       |       ||     4
       Flail             |    17 |    33 |       ||    50
       Short sword       |       |     1 |     8 ||     9
 Cast: Magic Dart        |    90 |   120 |    19 ||   229
       Searing Ray       |       |     7 |     2 ||     9
Invok: Sacrifice Health  |       |     1 |       ||     1
  Use: Scroll            |     9 |       |     3 ||    12
  Eat: Chunk             |     5 |     7 |     1 ||    13
Armor: Skin              |    34 |    26 |     3 ||    63
Dodge: Dodged            |    77 |    41 |    14 ||   132
Block: Other             |       |       |     3 ||     3
       Reflection        |       |       |     2 ||     2
